 Dungeon Crawl Stone Soup version 0.31-a0-232-gb1c03b2570 (webtiles) character file.

Game seed: 268206875740503470

81 qw the Shooter (level 4, -4/36 HPs)
             Began as a Minotaur Hexslinger on July 7, 2023.
             Killed from afar by an orc wizard (8 damage)
             ... with a puff of flame
             ... on level 3 of the Dungeon.
             The game lasted 00:00:47 (1828 turns).

qw the Shooter (Minotaur Hexslinger)                Turns: 1828, Time: 00:00:47

Health: -4/36      AC:  5    Str: 13    XL:     4   Next: 19%
Magic:  4/4        EV: 11    Int: 10    God:
Gold:   113        SH:  0    Dex: 14    Spells: 4/5 levels left

rFire   . . .        Y - +1 sling
rCold   . . .        (no shield)
rNeg    . . .        h - +0 ring mail
rPois   .            (helmet restricted)
rElec   .            (no cloak)
rCorr   .            (no gloves)
SInv    .            (no boots)
Will    .....        (no amulet)
Stlth   +            (no ring)
HPRegen 0.26/turn    (no ring)
MPRegen 0.09/turn

%: no passive effects
@: no status effects
A: horns 2, retaliatory headbutt
a: no special abilities


You were on level 3 of the Dungeon.
You visited 1 branch of the dungeon, and saw 3 of its levels.

You collected 113 gold pieces.


Innate Abilities, Weirdness & Mutations

You have a pair of horns on your head.
You reflexively headbutt those who attack you in melee.


   Skills:
 - Level 2.0 Fighting
 + Level 4.5 Ranged Weapons
 - Level 1.0 Armour
 - Level 2.1 Dodging
 - Level 1.0 Spellcasting
 - Level 2.0 Hexes


You had 4 spell levels left.
You knew the following spells:

 Your Spells              Type           Power      Damage    Failure   Level
a - Slow                  Hex            16%        N/A       32%         1

Your spell library contained the following spells:

 Spells                   Type           Power      Damage    Failure   Level
 Inner Flame              Hex/Fire       2%         N/A       82%         3
 Portal Projectile        Hex/Tloc       4%         N/A       82%         3
 Cause Fear               Hex            2%         N/A       97%         4

Inventory:

Hand Weapons
 Y - a +1 sling (weapon)
Armour
 h - a +0 ring mail (worn)
Scrolls
 c - a scroll of identify
Potions
 d - a potion of brilliance {unknown}
 e - a potion of curing {unknown}
 g - a potion of might
 j - a potion of invisibility {unknown}

Dungeon Overview and Level Annotations

Branches:
Dungeon (3/15)

Altars:


Message History

You hear some strange, mumbled words.
You are confused.
The orc barely misses you. The bat hits you but does no damage.
The orc barely misses you. Something hits you but does no damage.
The bat closely misses you. The bat misses you.
The orc hits you from afar with a +0 trident.
You hear some strange, mumbled words.
You are more confused.
The bat barely misses you. The bat hits you but does no damage.
The orc hits you from afar with a +0 trident.
Something hits you but does no damage. The bat hits you but does no damage.
The bat barely misses you. The orc closely misses you.
Something hits you but does no damage.
The bat barely misses you. x2; The orc closely misses you.
Something hits you but does no damage. Something hits you but does no damage.
The orc barely misses you.
The bat hits you but does no damage. x2; The orc hits you but does no damage.
Something hits you. The bat closely misses you. The orc misses you.
Something hits you but does no damage. The bat hits you but does no damage.
The orc hits you but does no damage. Something hits you but does no damage.
The bat closely misses you.
The orc hits you from afar with a +0 trident.
Something hits you. The bat closely misses you.
The orc hits you from afar with a +0 trident.
Something hits you but does no damage.
You feel less confused. The bat hits you but does no damage. x2
The orc hits you from afar with a +0 trident.
Something hits you but does no damage.
You shoot a sling bullet. The sling bullet hits the bat.
The bat is moderately wounded.
The bat closely misses you. The orc closely misses you.
You hear some strange, mumbled words.
A puff of flame appears from out of thin air!
The puff of flame hits you!
You die...

#.. #..# .
...# . ###
#...# .##..
#.#.. ...
.##..>.###.#
...).o{b##.##
#@....##
####...#
##..#####
.###..<...##
#........#..#
#......#..#.#
........##...#
#....#######.#
###.. #.#


You could see an orc and a bat.

Vanquished Creatures
  An adder (D:3)
  A worm (D:2)
  3 dart slugs (D:1)
  4 orcs (D:3)
  4 ball pythons
  3 endoplasms
  6 goblins
  5 hobgoblins
  2 jackals (D:1)
  4 quokkas (D:1)
  5 bats
  5 frilled lizards (D:1)
  8 kobolds
  5 rats
56 creatures vanquished.

Notes
Turn   | Place    | Note
-------+----------+-------------------------------------------
     0 | D:1      | qw the Minotaur Hexslinger began the quest for the Orb.
     0 | D:1      | Reached XP level 1. HP: 16/16 MP: 1/1
     0 | D:1      | 0 ||| qw: Version: 0.3-a-46-gb1f654a
     0 | D:1      | 0 ||| qw: Game counter: 2959
     0 | D:1      | 0 ||| qw: Melee chars always use a shield: true
     0 | D:1      | 0 ||| qw: God list: Okawaru
     0 | D:1      | 0 ||| qw: Allow faded altars: false
     0 | D:1      | 0 ||| qw: Do Orc after clearing Dungeon:15 true
     0 | D:1      | 0 ||| qw: Do second Lair branch before Depths: true
     0 | D:1      | 0 ||| qw: Lair rune preference: random
     0 | D:1      | 0 ||| qw: Goals: Normal
     0 | D:1      | 0 ||| PLANNING D:1-11
   131 | D:1      | Reached skill level 3 in Ranged Weapons
   138 | D:1      | Reached XP level 2. HP: 23/23 MP: 2/2
   367 | D:1      | Found a faded altar of an unknown god.
   385 | D:1      | Reached XP level 3. HP: 29/29 MP: 3/3
   735 | D:1      | 735 ||| UPGRADING to +0 leather armour.
   745 | D:1      | 745 ||| DROPPING +0 robe.
   746 | D:1      | 746 ||| UPGRADING to +0 ring mail.
   756 | D:1      | 756 ||| DROPPING +0 leather armour.
   757 | D:1      | 757 ||| READING scroll labelled ZYERUO ODANIN.
   761 | D:1      | 761 ||| DRINKING 2 metallic cyan potions.
   762 | D:1      | 762 ||| DRINKING 2 murky cyan potions.
   763 | D:1      | 763 ||| DROPPING scroll of poison.
   764 | D:1      | 764 ||| DROPPING potion of attraction.
  1121 | D:2      | Reached skill level 4 in Ranged Weapons
  1306 | D:2      | Reached skill level 1 in Armour
  1586 | D:2      | 1586 ||| READING scroll labelled DEUJOGRIMA.
  1687 | D:2      | 1687 ||| READING 2 scrolls labelled ESHOACWAUD.
  1688 | D:2      | 1688 ||| DRINKING 2 bubbling sapphire potions.
  1702 | D:3      | 1702 ||| STAIRDANCE
  1706 | D:2      | HP: 6/29 [worm (6)]
  1707 | D:2      | 1707 ||| DRINKING potion of heal wounds.
  1806 | D:3      | Reached XP level 4. HP: 36/36 MP: 4/4
  1827 | D:3      | HP: 4/36 [orc/+0 trident (6)]
  1828 | D:3      | Killed from afar by an orc wizard

Levels and vault maps discovered:
D:1:      lemuel_arrival_muddy, layout_rooms, hellmonk_ecumenical_altar_zigzags,
          minmay_tetromino_i2
D:2:      layout_basic
D:3:      layout_rooms, okawaru_altar_gauntlet_db, uniq_natasha

Skill      XL: |  1  2  3 |
---------------+----------+-----
Ranged Weapons | 3 4 |  4.5
Fighting       | 2 |  2.0
Armour         | 1 |  1.0
Dodging        | |  2.1
Spellcasting   | |  1.0
Hexes          | |  2.0

Action                     |  1- 3 |  4- 6 || total
---------------------------+-------+-------++-------
   Fire: Sling             |   166 |    11 ||   177
    Use: Potion            |     4 |       ||     4
         Scroll            |     3 |       ||     3
 Armour: Robe              |     6 |       ||     6
         Ring mail         |    20 |    23 ||    43
  Dodge: Dodged            |    40 |    20 ||    60

Table legend:
 A = Non-vault XP
 B = Vault XP
 C = Vault XP percentage of total XP
 D = Non-vault monster count
 E = Vault monster count
 F = Vault count percentage of total count
                 A         B        C        D         E       F
            +---------+---------+-------+---------+---------+-------
      Total |     112 |       4 |   3.4 |      54 |       2 |   3.6
            +---------+---------+-------+---------+---------+-------
        D:1 |      52 |       4 |   7.1 |      28 |       2 |   6.7
        D:2 |      35 |       0 |   0.0 |      21 |       0 |   0.0
        D:3 |      25 |       0 |   0.0 |       5 |       0 |   0.0
            +---------+---------+-------+---------+---------+-------
